Unix NetHack Version 5.0.0-0 post-release - last build May  4 2026 22:22:43 (774f63e81ad911689b3a0859ea89b322d5daca8d,branch:main).

Game began 2026-05-07 10:06:07, ended 2026-05-07 10:35:57.

2392976N, lawful female human Valkyrie

                ------------                  --------       ----------------
 -------    ####...........|                 #.......|       |..............|
 .......#  ##   |..........|              ####|....>..#      |..............|
 |.....| ###    |...........###          ## ##.......|#     #...............|
 |......##      |..........|  #          #  # --------#     #--------.-------
 -----|-       #-......`...|  #   -----######         #     ##       ###
      #        #----------|-  ####....-# #            ##     #         #
      #        #          #   ##  |...|  #             #     #         ####
      #        #          ##%#####-...|  #             #     #            #
     ##        #          ##  ##%#|....###             #     #            #
     #         #       #####  #   -----                #     #     -------.-
     #         #  ##########  #                        #     #     |....^..|
     #         #  # ---.----  #                        #     #     |.......|
   --.---------#### |......|  #                        #     #     |.......|
   |..........|#    |......|  #                        #-----#     |.......|
   |...........#    |......|###                        #|...|#     |.......|
   |..........|     |...f...#                          #|(..|#     ---------
   ------------     |..@...|                           #....-#
                    --------                            -----

2392976N the Skirmisher     St:18/04 Dx:12 Co:18 In:8 Wi:9 Ch:10  Lawful
Dlvl:1  $:10 HP:30(30) Pw:8(8) AC:6  Xp:3 T:1150 

Latest messages:
 The arrow misses the lichen.
 You kill the lichen!
 You see here an arrow.
 j - an arrow (6 in total).
 You kill the lichen!
 Welcome to experience level 3.
 You feel stealthy!
 You see here a lichen corpse.
 You kill the lichen!
 You see here a lichen corpse.
 The kitten drops a lichen corpse.
 In what direction? 2
 You swap places with your kitten.
 You see here a dart.
 m - a dart (7 in total).
 You swap places with your kitten.
 You see here a lichen corpse.
 You see here a lichen corpse.
 You don't find anything here to loot.
 You swap places with your kitten.
 Double run prefix, canceled.
 There's some graffiti on the floor here.
 You read: "Why c? y u ?hin? they cal| them merc?rarie??"
 You can't jump very far.
 You can't jump very far.
 You can't jump very far.
 In what direction? k
 In what direction? 4
 Ouch!  That hurts!
 In what direction? 4
 You see no door there.
 You swap places with your kitten.
 You kill the giant rat!
 You swap places with your kitten.
 You stop.  Your kitten is in the way!
 You swap places with your kitten.
 You swap places with your kitten.
 You swap places with your kitten.
 The gecko bites!
 The kitten misses the gecko.
 In what direction? 6
 You kill the gecko!
 You see here an orcish dagger.
 h - an orcish dagger (at the ready) (2 in total).
 Beware, there will be no return!  Still climb? [yn] (n) y
 Do you want your possessions identified? [ynq] (y) n
 Do you want to see your attributes? [ynq] (y) y
 Do you want an account of creatures vanquished? [ynaq] (y) y
 Do you want to see your conduct and achievements? [ynq] (y) y
 Do you want to see the dungeon overview? [ynq] (y) y

Inventory:
 Coins    ('$')
  $ - 10 gold pieces
 Weapons  (')')
  j - 6 +0 arrows
  n - 7 +0 darts
  m - 7 cursed +0 darts
  o - a poisoned +0 dart
  b - a +0 dagger (alternate weapon; not wielded)
  h - 2 +0 orcish daggers (at the ready)
  a - a +1 spear
  g - a +0 spear
 Armor    ('[')
  e - an uncursed +0 orcish helm (wielded)
  c - an uncursed +3 small shield (being worn)
 Comestibles  ('%')
  k - an uncursed slime mold
  d - 2 uncursed food rations
 Scrolls  ('?')
  l - an uncursed scroll of identify
 Wands    ('/')
  p - a wand of digging (0:5)
 Tools    ('(')
  q - an uncursed lock pick
 Boulders/Statues  ('`')
  i - an empty uncursed statue of a grid bug

2392976N the Valkyrie's attributes:

Background:
 You were a Skirmisher, a level 3 human Valkyrie.
 You were lawful, nominally on a mission for Tyr
 who was opposed by Odin (neutral) and Loki (chaotic).
 You were right-handed.
 You were in the Dungeons of Doom, on level 1.
 You entered the dungeon 1150 turns ago.
 You had 50 experience points, 30 more were needed to attain level 4.

Basics:
 You had all 30 hit points.
 You had all 8 energy points (spell power).
 Your armor class was 6.
 Your wallet contained 10 zorkmids.
 Autopickup was off.

Final Characteristics:
 Your strength was 18/04 (limit:18/100).
 Your dexterity was 12 (limit:18).
 Your constitution was 18 (limit:18).
 Your intelligence was 8 (limit:18).
 Your wisdom was 9 (limit:18).
 Your charisma was 10 (limit:18).

Final Status:
 You weren't hungry.
 You were unencumbered.
 You were wielding some armor.

Final Attributes:
 You were devoutly aligned.
 You were cold resistant.
 You were stealthy.
 You survived.

Miscellaneous:
 You didn't encounter any bones levels.
 Total elapsed playing time was 29 minutes and 42 seconds.

Major events:
 Turn
    1: 2392976N the lawful human Valkyrie entered the dungeon
  979: attained the rank of Skirmisher (level 3)
 1150: escaped

You didn't know any spells.

Skills:
 Fighting Skills
   bare handed combat [Unskilled]
   two weapon combat  [Unskilled]
   riding             [Unskilled]
 Weapon Skills
   dagger             [Basic]
   axe                [Unskilled]
   pick-axe           [Unskilled]
   short sword        [Unskilled]
   broadsword         [Unskilled]
   long sword         [Unskilled]
   two-handed sword   [Unskilled]
   saber              [Unskilled]
   hammer             [Unskilled]
   quarterstaff       [Unskilled]
   polearms           [Unskilled]
   spear              [Basic]
   trident            [Unskilled]
   lance              [Unskilled]
   sling              [Unskilled]
 Spellcasting Skills
   attack spells      [Unskilled]
   escape spells      [Unskilled]

Voluntary challenges:
 Character rerolling was not enabled.
 You were an atheist.
 You were illiterate.
 You never genocided any monsters.
 You never polymorphed an object.
 You never changed form.
 You used no wishes.
Achievement:
 You attained the rank of Skirmisher.

 The Dungeons of Doom:
    Level 1: <- You left from here.


Vanquished creatures:
  a giant rat
  a gecko
  7 jackals
  a kobold
  2 goblins
  3 grid bugs
  6 lichens
  a newt
22 creatures vanquished.

No species were genocided or became extinct.

Farvel 2392976N the Valkyrie...

You and the kitten
escaped from the dungeon with 232 points,
and 10 pieces of gold, after 1150 moves.
You were level 3 with a maximum of 30 hit points when you escaped.

